 Dungeon Crawl Stone Soup version 0.29.1-1-gd02db6906a (webtiles) character file.

Game seed: 110482766629758647

19190 mopl the Spear-Bearer (level 12, -12/97 HPs)
             Began as a Palentonga Gladiator on Oct 19, 2022.
             Was a Follower of Yredelemnul.
             Hit by a silver javelin thrown by a minotaur (21 damage)
             ... in a Gauntlet.
             The game lasted 00:29:56 (17544 turns).

mopl the Spear-Bearer (Palentonga Gladiator)       Turns: 17544, Time: 00:29:58

Health: -12/97     AC: 28    Str: 20    XL:     12   Next: 34%
Magic:  18/18      EV: 12    Int: 11    God:    Yredelemnul [*.....]
Gold:   737        SH:  5    Dex: 12    Spells: 11/11 levels left

rFire   + . .      SeeInvis +   H - +1 spear (vorpal)
rCold   . . .      Faith    .   (no shield)
rNeg    . . .      Spirit   .   f - +0 scale mail of Broken Taboos {rElec rF+ SInv}
rPois   .          Reflect  +   y - +2 hat
rElec   +          Harm     .   p - +1 cloak {rCorr}
rCorr   +          Rampage  .   (no gloves)
Will    ++...      NoTele   +   L - +0 barding
Stlth   ..........              q - amulet of reflection
HPRegen 0.26/turn               a - ring "Vucyx" {+Blink EV+4}
MPRegen 0.16/turn               k - ring of Unawemn {Will++ AC+4 Str-4 Int+2 SInv}

@: lethally poisoned (-12 -> -19), hasted and slowed, curled up
A: large, rugged brown scales 3, see invisible, deformed body, roll 1, armoured
tail, reflexive curl
a: Rolling Charge, Renounce Religion, Evoke Blink, Recall Undead Harvest


You were in a Gauntlet.
You worshipped Yredelemnul.
Yredelemnul was aware of your devotion.
You visited 2 branches of the dungeon, and saw 14 of its levels.
You also visited: Sewer and Gauntlet.

You collected 737 gold pieces.

Inventory:

Hand Weapons
 H - a +1 vorpal spear (weapon)
 M - a +1 halberd of protection
 O - a +3 scimitar of flaming
 S - the +8 war axe of Ukhleuly {freeze, rF+ Str+7 Dex-2}
   (You found it on level 11 of the Dungeon)

   It freezes those it strikes, dealing additional cold damage.
   It can also slow down cold-blooded creatures.
   Str:       It affects your strength (+7).
   Dex:       It affects your dexterity (-2).
   rF:        It protects you from fire.
Missiles
 e - 4 javelins (quivered)
 j - 3 throwing nets
 v - 31 poisoned darts
 P - 2 boomerangs
Armour
 d - a +0 helmet of intelligence
 f - the +0 scale mail of Broken Taboos (worn) {rElec rF+ SInv}
   (You found it on level 3 of the Dungeon)

   rF:        It protects you from fire.
   rElec:     It insulates you from electricity.
   SInv:      It lets you see invisible.
 p - a +1 cloak of preservation (worn)
 y - a +2 hat (worn)
 z - a +2 chain mail of cold resistance
 L - a +0 barding (worn)
Jewellery
 a - the ring "Vucyx" (left hand) {+Blink EV+4}
   (You found it on level 1 of the Lair of Beasts)

   [ring of evasion]

   EV:        It affects your evasion (+4).
   +Blink:    It lets you blink.
 k - the ring of Unawemn (right hand) {Will++ AC+4 Str-4 Int+2 SInv}
   (You acquired it on level 1 of the Lair of Beasts)

   [ring of protection]

   AC:        It affects your AC (+4).
   Str:       It affects your strength (-4).
   Int:       It affects your intelligence (+2).
   SInv:      It lets you see invisible.
   Will:      It greatly increases your willpower.
 q - an amulet of reflection (around neck)
 I - a ring of positive energy
Wands
 c - a wand of quicksilver (6)
 K - a wand of flame (39)
 N - a wand of iceblast (11)
 Q - a wand of polymorph (4)
Scrolls
 n - a scroll of enchant armour
 o - 2 scrolls of brand weapon
 s - 2 scrolls of silence
 t - 4 scrolls of blinking
 u - 4 scrolls of teleportation
 w - 4 scrolls of fear
 A - 2 scrolls of magic mapping
 B - 2 scrolls of immolation
 C - 2 scrolls of vulnerability
 E - 2 scrolls of butterflies
 V - 2 scrolls of enchant weapon
 W - a scroll of poison
Potions
 g - a potion of lignification
 h - 4 potions of heal wounds
 i - a potion of mutation
 l - 2 potions of flight
 m - a potion of cancellation
 r - 4 potions of haste
 F - 3 potions of magic
 G - 3 potions of brilliance
 J - 2 potions of ambrosia
 R - a potion of might


   Skills:
 + Level 7.6 Fighting
 * Level 11.6 Polearms
 + Level 5.7 Throwing
 + Level 6.0 Armour
 + Level 6.6 Dodging
 + Level 9.3 Invocations
 + Level 4.3 Evocations


You had 11 spell levels left.
You didn't know any spells.
Your spell library contained the following spells:

 Spells                   Type           Power      Damage    Failure   Level
 Beastly Appendage        Tmut           0%         N/A       67%         1
 Static Discharge         Conj/Air       0%         3-3/arc   80%         2
 Wereblood                Tmut           0%         N/A       80%         2
 Confusing Touch          Hex            0%         N/A       95%         3
 Inner Flame              Hex/Fire       0%         N/A       95%         3
 Spider Form              Tmut/Pois      0%         N/A       95%         3
 Cause Fear               Hex            0%         N/A       100%        4
 Dispel Undead            Necr           0%         3d6       100%        4
 Sticky Flame             Conj/Fire      0%         2d3       100%        4
 Yara's Violent Unravell  Hex/Tmut       0%         3d3       100%        5
 Enfeeble                 Hex            0%         N/A       100%        7
 Discord                  Hex            0%         N/A       100%        8


Dungeon Overview and Level Annotations

Branches:
Dungeon (12/15)            Temple (0/1) D:4            Lair (2/5) D:11
    Orc (0/2) D:9           Sewer (visited)         Gauntlet (1/1)
  Swamp: Lair:2-3    Shoals: Lair:2-3     Snake: Lair:2-3    Spider: Lair:2-3

Altars:
Gozag
Kikubaaqudgha
Sif Muna
Yredelemnul

Annotations:
D:9 3 runed translucent doors, Asparus's ghost, novice DsCj; Garym's ghost, journeyman MiBe Gauntlet 10 transporters


Innate Abilities, Weirdness & Mutations

You are completely covered in rugged brown scales. (AC +3, +7% HP)
You have supernaturally acute eyesight. (SInv)
Armour fits poorly on your strangely shaped body.
You can roll at nearby foes to attack.
You have a long armoured tail.
You curl defensively after being hit. (AC +7*)


Message History

Throw: dart (curare)
Press: ? - help, Q - select action, (/) - cycle Shift-Dir - straight line, f/p - minotaur
Aim: a minotaur, wielding a +0 glaive of venom, wearing a +0 chain mail, wearing an amulet of reflection and quivering silver javelins (reflecting blocked projectiles, 73% to hit)
You throw a curare-tipped dart.
The curare-tipped dart closely misses the minotaur.
You feel extremely sick.
The minotaur hits you from afar with a +0 glaive of venom!!
* * * LOW HITPOINT WARNING * * *
Blink to where?
Press: ? - help, Dir - move target, p - minotaur
As you read the scroll of blinking, it crumbles to dust.
* * * LOW HITPOINT WARNING * * *
You feel extremely sick.
Your slime creature zombie completely misses the minotaur.
You feel better.
The minotaur blocks your slime creature zombie's attack.
Unknown command.
Aiming: Quicksilver Bolt
Press: ? - help, Shift-Dir - straight line, f - minotaur
Aim: a minotaur, wielding a +0 glaive of venom, wearing a +0 chain mail, wearing an amulet of reflection and quivering silver javelins (ally target, reflecting blocked projectiles, 84% to hit)
Okay, then.
Unknown command.
Unknown command.
Okay, then.
Okay, then.
Okay, then.
You feel yourself speed up.
The minotaur hits you from afar with a +0 glaive of venom.
* * * LOW HITPOINT WARNING * * *
You are poisoned.
Your slime creature zombie hits the minotaur!
You block the minotaur's attack.
Unknown command.
* * * LOW HITPOINT WARNING * * *
You feel very sick.
The minotaur throws a silver javelin.
The silver javelin pierces through your slime creature zombie!!
The silver javelin pierces through you!!
You die...
Your body rises from the dead as a mindless zombie.

#.........Z...#
#.###########.#
#.#. #.# #.#.
#.# #.#.## #.#
###..# # #Z#
#.##.# ⌠# ##.#
#..ZH##(##.#..#
##@#.(.....#.##
#.#########.#
#......Z....#
#############


You could see a minotaur (ally target, reflecting) and a friendly slime creature
zombie.

Vanquished Creatures
  An entropy weaver (Gauntlet)
  Erica (D:8)
  3 two-headed ogres
  Amaemon (D:10)
  A necromancer (Gauntlet)
  A slime creature (Gauntlet)
  2 elephants (Lair:1)
  Joseph (D:7)
  An orange demon (D:10)
  A gargoyle (D:10)
  2 cane toads (Lair:2)
  Maggie (D:6)
  A kobold demonologist (D:10)
  A komodo dragon (Lair:1)
  3 blink frogs (Lair:2)
  Sigmund (D:2)
  A vampire (D:10)
  A jumping spider (Gauntlet)
  4 wyverns
  A basilisk (Lair:1)
  7 yaks
  Grum (D:10)
  A steam dragon (D:7)
  5 vampire mosquitoes (D:11)
  2 water moccasins
  A sky beast (D:8)
  5 orc warriors
  2 ogres
  9 wolves
  2 centaurs
  4 kobold brigands
  5 bullfrogs
  A gnoll sergeant (D:5)
  5 wights (D:9)
  11 killer bees
  An electric eel (Lair:2)
  3 howler monkeys
  A hound (D:6)
  Crazy Yiuf (D:2)
  5 orc priests
  2 jellies
  Jessica (D:2)
  2 iguanas
  5 orc wizards
  Robin (D:3)
  10 adders
  11 gnolls
  A river rat (Sewer)
  A white imp (D:5)
  An ufetubus (D:4)
  A worm (D:3)
  A dart slug (D:1)
  24 orcs
  2 bats (D:2)
  6 endoplasms
  A giant cockroach (D:3)
  5 goblins
  7 hobgoblins
  5 jackals (Sewer)
  20 kobolds
  6 quokkas
  10 ball pythons
  6 frilled lizards
  11 rats
241 creatures vanquished.

Vanquished Creatures (collateral kills)
  An elephant (Lair:1)
  A komodo dragon (Lair:1)
  A blink frog (Lair:2)
  A jumping spider (Gauntlet)
  A shadow (D:8)
  2 yaks (D:10)
  2 vampire mosquitoes (D:11)
  2 water moccasins
  An ice beast (D:8)
  7 wolves
  A kobold brigand (D:7)
  A gnoll sergeant (D:6)
  2 bullfrogs
  A necrophage (D:8)
  4 killer bees
  2 howler monkeys
  An orc priest (D:7)
  2 gnolls
  An adder (Sewer)
  2 worms
  2 orcs
  A ball python (D:1)
  A giant cockroach (D:5)
  A bat (D:1)
  4 frilled lizards
  A kobold (D:7)
  2 rats
48 creatures vanquished.

Vanquished Creatures (others)
  A spectral orange demon (D:10)
  A blink frog zombie (Lair:2)
  2 vampire mosquito zombies (D:11)
  A komodo dragon zombie (Lair:1)
  A kobold brigand (D:6)
  A wyvern zombie (D:8)
  2 water moccasin zombies
  6 yak zombies
  A wolf zombie (Gauntlet)
  6 killer bee zombies
  A hound zombie (D:6)
  2 howler monkey zombies (D:9)
  A worm zombie (D:2)
  A human zombie (D:2)
  6 adder zombies
  5 ball python zombies
  3 frilled lizard zombies
  4 gnoll zombies
  4 hobgoblin zombies
  2 jackal zombies (Sewer)
  8 kobold zombies
  14 orc zombies
  2 quokka zombies
  6 rat zombies
  7 fungi
  21 plants
  27 withered plants (Gauntlet)
136 creatures vanquished.

Grand Total: 425 creatures vanquished

Notes
Turn   | Place    | Note
-------+----------+-------------------------------------------
     0 | D:1      | mopl the Palentonga Gladiator began the quest for the Orb.
     0 | D:1      | Reached XP level 1. HP: 17/17 MP: 1/1
     5 | D:1      | Found a faded altar of an unknown god.
    15 | D:1      | Reached skill level 3 in Polearms
    54 | D:1      | Prayed at the altar of an unknown god.
    54 | D:1      | Became a worshipper of Yredelemnul the Dark
    54 | D:1      | Reached * piety under Yredelemnul
   160 | D:1      | Reached XP level 2. HP: 23/23 MP: 2/2
   171 | D:1      | Reached ** piety under Yredelemnul
   734 | D:2      | Reached skill level 1 in Invocations
   734 | D:2      | Reached XP level 3. HP: 22/28 MP: 3/3
  1063 | D:2      | Reached skill level 4 in Polearms
  1071 | D:2      | Reached XP level 4. HP: 29/35 MP: 5/5
  1243 | D:2      | Noticed Jessica
  1250 | D:2      | Killed Jessica
  1406 | D:2      | Noticed Sigmund
  1428 | D:2      | Killed Sigmund
  1429 | D:2      | Reached skill level 5 in Polearms
  1429 | D:2      | Reached XP level 5. HP: 37/40 MP: 5/7
  1429 | D:2      | Reached XP level 6. HP: 44/47 MP: 5/8
  1954 | D:2      | Found a runed translucent door.
  1957 | D:2      | Noticed Crazy Yiuf
  1974 | D:2      | Your ally Sigmund died
  2071 | D:2      | Killed Crazy Yiuf
  2705 | D:3      | Reached skill level 6 in Polearms
  2827 | D:3      | Noticed Robin
  2855 | D:3      | Killed Robin
  2859 | D:3      | Your ally Robin died
  3111 | D:3      | Identified the +0 scale mail of Broken Taboos {rElec rF+
                  | SInv}
  3374 | D:4      | Gained mutation: You curl defensively after being hit. (AC
                  | +7*) [Palentonga growth]
  3374 | D:4      | Reached XP level 7. HP: 52/53 MP: 10/10
  3567 | D:4      | Found a staircase to the Ecumenical Temple.
  3902 | D:5      | Entered Level 5 of the Dungeon
  4130 | D:5      | Found a glowing drain.
  4155 | Sewer    | Entered a sewer
  4225 | Sewer    | Reached skill level 5 in Fighting
  4225 | Sewer    | Reached skill level 9 in Polearms
  4225 | Sewer    | Reached XP level 8. HP: 66/66 MP: 10/13
  6193 | D:6      | Reached XP level 9. HP: 65/72 MP: 14/14
  6645 | D:6      | Noticed Maggie
  6670 | D:6      | Killed Maggie
  7039 | D:6      | Reached skill level 5 in Dodging
  7400 | D:7      | Noticed Joseph
  7422 | D:7      | Killed Joseph
  8289 | D:8      | Reached XP level 10. HP: 35/81 MP: 15/15
  8596 | D:8      | Reached skill level 1 in Evocations
  8841 | D:8      | Identified the +3 ring mail "Tuwainypn" {rElec}
  9227 | D:8      | Found an ancient bone altar of Kikubaaqudgha.
  9233 | D:8      | Found a shimmering blue altar of Sif Muna.
  9341 | D:8      | Noticed Erica
  9369 | D:8      | Killed Erica
  9370 | D:8      | Reached skill level 10 in Polearms
  9666 | D:9      | Noticed a two-headed ogre
  9685 | D:9      | Killed a two-headed ogre
 10550 | D:9      | Found a runed translucent gate.
 10550 | D:9      | Found a runed translucent gate.
 10550 | D:9      | Found a runed translucent gate.
 10552 | D:9      | Noticed Garym's ghost (journeyman MiBe)
 10552 | D:9      | Noticed Asparus's ghost (novice DsCj)
 11011 | D:9      | Found a staircase to the Orcish Mines.
 11564 | D:10     | Entered Level 10 of the Dungeon
 11592 | D:10     | Noticed an orange demon
 11631 | D:10     | Noticed Grum
 11819 | D:10     | Killed Grum
 11898 | D:10     | Your ally Grum died
 11908 | D:10     | Reached XP level 11. HP: 88/88 MP: 17/17
 11920 | D:10     | Reached skill level 5 in Armour
 12064 | D:10     | Noticed Amaemon
 12158 | D:10     | Killed Amaemon
 12159 | D:10     | Reached skill level 5 in Throwing
 12679 | D:10     | Noticed a two-headed ogre
 12693 | D:10     | Killed a two-headed ogre
 13058 | D:10     | Found an opulent altar of Gozag.
 13645 | D:11     | Identified the +8 war axe of Ukhleuly {freeze, rF+ Str+7
                  | Dex-2}
 14029 | D:11     | Found a staircase to the Lair.
 14406 | D:11     | Noticed a two-headed ogre
 14419 | D:11     | Killed a two-headed ogre
 14896 | D:12     | Noticed a six-headed hydra
 14922 | Lair:1   | Entered Level 1 of the Lair of Beasts
 14960 | Lair:1   | Reached skill level 11 in Polearms
 15135 | Lair:1   | Identified the ring "Vucyx" {+Blink EV+4}
 15352 | Lair:1   | Identified a scroll of acquirement
 15355 | Lair:1   | Acquired the ring of Unawemn {Will++ AC+4 Str-4 Int+2 SInv}
 15432 | Lair:1   | Reached *** piety under Yredelemnul
 15637 | Lair:1   | Reached **** piety under Yredelemnul
 16281 | Lair:2   | Reached XP level 12. HP: 51/97 MP: 18/18
 16402 | Lair:2   | Found a gate leading to a gauntlet.
 16411 | Gauntlet | Entered a Gauntlet
 16411 | Gauntlet | Found a transporter.
 16411 | Gauntlet | Found a transporter.
 16415 | Gauntlet | Found a transporter.
 16415 | Gauntlet | Found a transporter.
 16422 | Gauntlet | Found a transporter.
 16443 | Gauntlet | Found a transporter.
 16447 | Gauntlet | Found a transporter.
 16447 | Gauntlet | Found a transporter.
 16448 | Gauntlet | Noticed an entropy weaver
 16450 | Gauntlet | Found a transporter.
 16475 | Gauntlet | Found a transporter.
 16496 | Gauntlet | Found a transporter.
 16533 | Gauntlet | Found a transporter.
 16552 | Gauntlet | Found a transporter.
 16649 | Gauntlet | Found a transporter.
 16663 | Gauntlet | Found a transporter.
 16676 | Gauntlet | Found a transporter.
 17231 | Gauntlet | Killed an entropy weaver
 17537 | Gauntlet | Noticed a minotaur
 17544 | Gauntlet | Hit by a silver javelin thrown by a minotaur

Illustrated notes

Levels and vault maps discovered:
D:1:      mrwooster_arrival_statue_2, layout_rooms,
          ebering_ecumenical_altar_rust, chequers_serial_rivers_micro_a
D:2:      wad_crossroads, layout_loops_ring, uniq_sigmund, uniq_jessica,
          uniq_crazy_yiuf_cottage
D:3:      layout_basic, uniq_robin
D:4:      layout_loops_ring, minmay_temple_entry_mini_moons
D:5:      layout_loops_corners, portal_sewer_entry_a
D:6:      layout_cave_pools, hangedman_decor_lopped, uniq_maggie
D:7:      layout_cave_pools, hangedman_decor_slide_cut, nrook_loot_triangle,
          uniq_joseph
D:8:      layout_loops_ring, minitemple, uniq_erica
D:9:      layout_irregular_city, david_orc_4, gammafunk_ghost_cemetery,
          nicolae_kite_square_tiling_tiny
D:10:     layout_cave_pods, mainiacjoe_overflow_small_starburst, uniq_grum,
          uniq_amaemon
D:11:     layout_long_grid, lair_entry_dummy
D:12:     layout_roguey, fake_guardian_serpent_vault, uniq_nergalle, uniq_fannar
Lair:1:   layout_loops_ring
Lair:2:   layout_loops_ring, gauntlet_entry_generic, serial_bayou_shore_a,
          serial_bayou_shore_b
Gauntlet: gammafunk_gauntlet_branching [gammafunk_gauntlet_arena_hedges,
          gammafunk_gauntlet_arena_grid, gammafunk_gauntlet_arena_chambers,
          gammafunk_gauntlet_arena_split_x, nicolae_gauntlet_arena_x,
          gammafunk_gauntlet_arena_spirals, gammafunk_gauntlet_arena_open,
          gammafunk_gauntlet_arena_mazey, dreamdust_gauntlet_exit_labyrinth]

Skill      XL: |  1  2  3  4  5  6  7  8  9 10 11 12 |
---------------+-------------------------------------+-----
Polearms       | 3 4 5 6 9 10 11 | 11.6
Invocations    | 1 3 4 6 7 8 9 |  9.3
Fighting       | 5 6 7 |  7.6
Throwing       | 3 4 5 |  5.7
Armour         | 3 4 5 6 |  6.0
Dodging        | 4 5 6 |  6.6
Evocations     | 2 3 4 |  4.3

Action                   |  1- 3 |  4- 6 |  7- 9 | 10-12 || total
-------------------------+-------+-------+-------+-------++-------
Melee: Trident           |    81 |   187 |   184 |       ||   452
       Tailslap          |     3 |    14 |    31 |    94 ||   142
       Punch             |       |     2 |     4 |    13 ||    19
       Spear             |       |       |   231 |   747 ||   978
Throw: Throwing net      |       |     3 |       |     3 ||     6
       Dart              |       |     2 |     1 |    49 ||    52
Invok: Recall Undead Har |       |     2 |       |     1 ||     3
       Dark Bargain      |       |       |       |     1 ||     1
 Abil: Evoke Blink       |       |       |       |     1 ||     1
Evoke: Wand              |       |       |       |     8 ||     8
  Use: Scroll            |       |     7 |     5 |    18 ||    30
       Potion            |       |       |     1 |     6 ||     7
 Stab: Held in net/web   |       |     2 |       |       ||     2
       Distracted        |       |     1 |     3 |     6 ||    10
Armor: Leather armour    |    10 |       |       |       ||    10
       Ring mail         |    18 |    31 |       |       ||    49
       Chain mail        |       |    13 |   122 |    21 ||   156
       Scale mail        |       |       |       |   201 ||   201
Dodge: Dodged            |    33 |    36 |    63 |   155 ||   287
Block: Other             |       |    31 |    61 |   100 ||   192
       Reflection        |       |       |     4 |     6 ||    10
